 Dungeon Crawl Stone Soup version 0.25-b1-23-ge2ad7d536c (webtiles) character file.

Game seed: 4356777599206790019, levelgen mode: deterministic

2266 Kahsius the Cleaver (level 9, -2/82 HPs)
             Began as a Minotaur Berserker on June 3, 2020.
             Was an Elder of Trog.
             Killed from afar by a gargoyle (19 damage)
             ... with a stone arrow
             ... on level 7 of the Dungeon.
             The game lasted 00:10:09 (4633 turns).

Kahsius the Cleaver (Minotaur Berserker)            Turns: 4633, Time: 00:10:11

Health: -2/82      AC:  8    Str: 22    XL:     9   Next: 16%
Magic:  8/8        EV: 10    Int:  4    God:    Trog [****..]
Gold:   259        SH:  4    Dex: 13    Spells: 8/8 levels left

rFire    . . .     SeeInvis .   b - +0 war axe
rCold    . . .     Gourm    .   y - +0 buckler
rNeg     . . .     Faith    .   j - +0 scale mail
rPois    .         Spirit   .   (helmet restricted)
rElec    .         Reflect  .   w - +0 cloak
rCorr    .         Harm     .   h - +0 pair of gloves
MR       .....                  (no boots)
Stlth    ++........             (no amulet)
HPRegen  0.23/turn              n - ring of stealth
MPRegen  0.11/turn              (no ring)

@: no status effects
A: retaliatory headbutt, horns 2
a: Berserk, Trog's Hand, Brothers in Arms, Renounce Religion


You were on level 7 of the Dungeon.
You worshipped Trog.
Trog was greatly pleased with you.
You were not hungry.

You visited 1 branch of the dungeon, and saw 6 of its levels.

You collected 259 gold pieces.

Inventory:

Hand Weapons
 a - a +0 hand axe
 b - a +0 war axe (weapon)
Armour
 h - a +0 pair of gloves (worn)
 j - a +0 scale mail (worn)
 w - a +0 cloak (worn)
 y - a +0 buckler (worn)
Jewellery
 l - a +6 ring of intelligence {unknown}
 n - a ring of stealth (left hand)
 A - an uncursed amulet of reflection {unknown}
Wands
 f - a wand of acid (6)
Scrolls
 d - 5 scrolls of identify {unknown}
 g - a scroll of fear {unknown}
 i - 3 scrolls of amnesia {unknown}
 o - 5 scrolls of remove curse {unknown}
 p - 4 scrolls of fog {unknown}
 s - 3 scrolls of teleportation {unknown}
 t - a scroll of blinking {unknown}
 u - a scroll of enchant weapon {unknown}
 x - a scroll of magic mapping {unknown}
 z - a scroll of immolation {unknown}
 B - a scroll of enchant armour {unknown}
Potions
 e - a potion of brilliance {unknown}
 k - a potion of invisibility {unknown}
 m - 5 potions of curing {unknown}
 q - 3 potions of heal wounds {unknown}
 r - a potion of haste {unknown}
 v - a potion of flight {unknown}
Comestibles
 c - 9 rations
 C - 3 chunks of flesh


   Skills:
 + Level 8.8 Fighting
 + Level 11.6 Axes
 - Level 2.4 Armour
 - Level 2.2 Dodging
 + Level 2.2 Stealth
 + Level 3.0 Shields


You had 8 spell levels left.
You didn't know any spells.
Your spell library was empty.

Dungeon Overview and Level Annotations

Branches:
Dungeon (5/15)             Temple (0/1) D:4

Altars:
Cheibriados
Dithmenos
Gozag
Kikubaaqudgha
Qazlal
Ru
Trog
Xom


Innate Abilities, Weirdness & Mutations

You reflexively headbutt those who attack you in melee.
You have a pair of horns on your head.


Message History

You hit the worker ant but do no damage.
The worker ant bites you but does no damage.
You hit the gargoyle but do no damage.
The gargoyle is almost destroyed.
You barely miss the worker ant.
The gargoyle hurls a stone arrow at you.
You block the stone arrow. The worker ant barely misses you.
You barely miss the gargoyle.
The gargoyle is almost destroyed.
You barely miss the worker ant.
The gargoyle hurls a stone arrow at you.
The stone arrow misses you. You block the worker ant's attack.
You hit the gargoyle but do no damage.
The gargoyle is almost destroyed.
You slash the worker ant!
You kill the worker ant!
Trog accepts your kill.
The gargoyle hurls a stone arrow at you.
The stone arrow hits you!!
You die...

#..#. #. $#
#.##. .. ..
#.... #. .#
#.##. #. .#
#..#. #. .#
#..# #. h#
##.. #†#9#
##. #@## ##
#..## #.
###.#.# #.
#.....# #.
#.#.### #.
##..# #.
###.### ##
##..#..##
##.
##..#.#..##
##.#


You could see a black bear and a gargoyle.

Vanquished Creatures
  A hippogriff (D:7)
  A shadow (D:7)
  Eustachio (D:5)
  Menkaure (D:5)
  An ice beast (D:7)
  4 ogres
  4 centaurs (D:7)
  A big kobold (D:7)
  A bullfrog (D:7)
  A scorpion (D:5)
  3 killer bees (D:7)
  A howler monkey (D:4)
  A hound (D:7)
  An orc wizard (D:5)
  Crazy Yiuf (D:3)
  A centaur skeleton (D:5)
  An orc priest (D:3)
  A jelly (D:7)
  An iguana (D:7)
  7 worker ants
  A howler monkey zombie (D:5)
  6 gnolls
  8 adders
  An adder zombie (D:5)
  2 adder skeletons (D:4)
  5 worms
  A dart slug (D:4)
  A leopard gecko (D:1)
  7 orcs
  4 bats
  2 giant cockroaches
  8 goblins
  4 hobgoblins
  4 jackals (D:4)
  4 quokkas
  2 ball pythons (D:1)
  4 frilled lizards
  7 kobolds
  A leopard gecko skeleton (D:4)
  A leopard gecko zombie (D:7)
  7 rats
114 creatures vanquished.

Notes
Turn   | Place    | Note
-------+----------+-------------------------------------------
     0 | D:1      | Kahsius the Minotaur Berserker began the quest for the Orb.
     0 | D:1      | Reached XP level 1. HP: 19/19 MP: 0/0
   153 | D:1      | Reached skill level 4 in Axes
   160 | D:1      | Reached XP level 2. HP: 27/27 MP: 1/1
   525 | D:2      | Reached XP level 3. HP: 26/34 MP: 2/2
   630 | D:2      | Found a snail-covered altar of Cheibriados.
   900 | D:2      | Reached ** piety under Trog
  1458 | D:3      | Reached skill level 5 in Axes
  1464 | D:3      | Reached XP level 4. HP: 29/41 MP: 3/3
  1753 | D:3      | Found a shadowy altar of Dithmenos.
  1862 | D:3      | Reached skill level 5 in Fighting
  2219 | D:3      | Found a runed translucent door.
  2220 | D:3      | Noticed Crazy Yiuf
  2226 | D:3      | Killed Crazy Yiuf
  2226 | D:3      | Reached XP level 5. HP: 48/48 MP: 4/4
  2493 | D:4      | Noticed an ogre
  2503 | D:4      | Killed an ogre
  2503 | D:4      | Reached skill level 6 in Axes
  2503 | D:4      | Reached XP level 6. HP: 53/57 MP: 5/5
  2541 | D:4      | Reached skill level 1 in Stealth
  2673 | D:4      | Found a staircase to the Ecumenical Temple.
  2682 | D:4      | Reached skill level 7 in Axes
  2882 | D:4      | Found a shimmering altar of Xom.
  2946 | D:4      | Reached *** piety under Trog
  3257 | D:5      | Entered Level 5 of the Dungeon
  3257 | D:5      | Noticed Menkaure
  3259 | D:5      | Reached XP level 7. HP: 64/64 MP: 6/6
  3265 | D:5      | Killed Menkaure
  3267 | D:5      | Reached skill level 8 in Axes
  3397 | D:5      | Noticed Eustachio
  3424 | D:5      | Killed Eustachio
  3563 | D:5      | Reached skill level 9 in Axes
  3566 | D:5      | Reached skill level 1 in Shields
  3666 | D:5      | You fall into a shaft and drop 2 floors!
  3669 | D:7      | Found a sacrificial altar of Ru.
  3669 | D:7      | Found a bloodstained altar of Trog.
  3669 | D:7      | Found an opulent altar of Gozag.
  3670 | D:7      | Found a stormy altar of Qazlal.
  3670 | D:7      | Found a shadowy altar of Dithmenos.
  3670 | D:7      | Found an ancient bone altar of Kikubaaqudgha.
  3672 | D:7      | Reached XP level 8. HP: 73/73 MP: 7/7
  3968 | D:7      | Noticed a hippogriff
  3971 | D:7      | Reached skill level 10 in Axes
  3977 | D:7      | Killed a hippogriff
  4195 | D:7      | Reached skill level 11 in Axes
  4345 | D:7      | Reached XP level 9. HP: 75/82 MP: 8/8
  4534 | D:7      | Reached **** piety under Trog
  4612 | D:7      | Noticed a gargoyle
  4633 | D:7      | Killed from afar by a gargoyle

Illustrated notes

Levels and vault maps discovered:
D:1:      lightli_arrival_isolated_outpost, layout_rooms,
          kennysheep_pointless_box, minmay_pentomino_p2
D:2:      layout_loops_ring, nicolae_overflow_crystal_walls, minmay_tripent
D:3:      wander_river, layout_loops_ring, first_ration,
          grunt_dithmenos_smoke_and_mirrors, uniq_crazy_yiuf_cottage
D:4:      layout_basic, kennysheep_mini, temple_pool_b, st_stairs_13,
          minivault_11, item_on_display_a
D:5:      layout_rooms, uniq_eustachio, uniq_menkaure
D:7:      minmay_the_grid_octo_tiled_octocenter [minmay_the_grid_octo_horde,
          minmay_the_grid_octo_concentric, minmay_the_grid_octo_thin_diamonds,
          minmay_the_grid_octo_teeth, minmay_the_grid_octo_prize_single_spiral,
          minmay_the_grid_square_5x5_inset, minmay_the_grid_square_5x5_v,
          minmay_the_grid_square_5x5_hourglass,
          minmay_the_grid_square_5x5_comb], layout_basic, vehumet_statue,
          grunt_temple_overflow_open, lemuel_blue_sif_altar

Skill      XL: |  1  2  3  4  5  6  7  8  9 |
---------------+----------------------------+-----
Axes           | 4 5 6 7 9 11 | 11.6
Fighting       | 4 5 6 7 8 |  8.8
Stealth        | 1 2 |  2.2
Shields        | 1 2 3 |  3.0
Armour         | |  2.4
Dodging        | |  2.2

Action                   |  1- 3 |  4- 6 |  7- 9 || total
-------------------------+-------+-------+-------++-------
Melee: Hand axe          |    75 |    88 |       ||   163
       Headbutt          |    12 |    18 |    32 ||    62
       War axe           |       |    16 |   131 ||   147
Invok: Trog's Hand       |       |     1 |       ||     1
       Berserk           |       |       |     3 ||     3
 Stab: Distracted        |       |     1 |       ||     1
  Eat: Chunk             |     2 |     6 |     7 ||    15
Armor: Animal skin       |     1 |       |       ||     1
       Scale mail        |    29 |    39 |    44 ||   112
Dodge: Dodged            |    46 |    55 |    68 ||   169
Block: Buckler           |       |     3 |    22 ||    25
